 Dungeon Crawl Stone Soup version 0.28-a0-230-g086cc6695f (webtiles) character file.

Game seed: 2966567550146183262

16 Gargoyl the Skirmisher (level 2, 0/29 HPs)
             Began as a Gnoll Abyssal Knight on Aug 22, 2021.
             Was a Follower of Lugonu.
             Slain by a worm (8 damage)
             ... on level 2 of the Dungeon.
             The game lasted 00:00:47 (648 turns).

Gargoyl the Skirmisher (Gnoll Abyssal Knight)        Turns: 648, Time: 00:00:47

Health: 0/29       AC:  6    Str:  9 (11) XL:     2   Next: 54%
Magic:  5/5        EV: 10    Int: 10 (11) God:    Lugonu [*.....]
Gold:   0          SH:  0    Dex:  8 (11) Spells: 1/1 levels left

rFire   . . .      SeeInvis .   a - +1 hand axe
rCold   . . .      Faith    .   (no shield)
rNeg    . . .      Spirit   .   d - +0 ring mail
rPois   .          Reflect  .   (no helmet)
rElec   .          Harm     .   (no cloak)
rCorr   .          Rampage  .   (no gloves)
Will    .....                   (no boots)
Stlth   ..........              c - amulet of the acrobat
HPRegen 0.09/turn               (no ring)
MPRegen 0.09/turn               (no ring)

@: no status effects
A: fangs 1, strong nose, distributed training
a: Renounce Religion, Depart the Abyss


You were on level 2 of the Dungeon.
You worshipped Lugonu.
Lugonu was aware of your devotion.
You visited 1 branch of the dungeon, and saw 2 of its levels.
You visited the Abyss 1 time.

Inventory:

Hand Weapons
 a - a +1 hand axe (weapon)
Missiles
 e - 14 poisoned darts
Armour
 d - a +0 ring mail (worn)
Jewellery
 c - an amulet of the acrobat (around neck)
Scrolls
 b - a scroll of magic mapping {unknown}
 f - a scroll of identify {unknown}
Potions
 g - a potion of might {unknown}


   Skills:
 + Level 6.5 Fighting
 + Level 0.4 Short Blades
 + Level 0.4 Long Blades
 + Level 4.5 Axes
 + Level 0.4 Maces & Flails
 + Level 0.4 Polearms
 + Level 0.4 Staves
 + Level 0.4 Slings
 + Level 0.4 Bows
 + Level 0.4 Crossbows
 + Level 0.4 Throwing
 + Level 4.5 Armour
 + Level 2.5 Dodging
 + Level 0.4 Stealth
 + Level 0.4 Shields
 + Level 0.4 Unarmed Combat
 + Level 0.4 Spellcasting
 + Level 0.2 Conjurations
 + Level 0.2 Hexes
 + Level 0.2 Summonings
 + Level 0.2 Necromancy
 + Level 0.2 Translocations
 + Level 0.2 Transmutations
 + Level 0.2 Fire Magic
 + Level 0.2 Ice Magic
 + Level 0.2 Air Magic
 + Level 0.2 Earth Magic
 + Level 0.2 Poison Magic
 + Level 4.5 Invocations
 + Level 0.4 Evocations


You had one spell level left.
You didn't know any spells.
Your spell library was empty.

Dungeon Overview and Level Annotations

Branches:
Dungeon (1/15)

Altars:


Innate Abilities, Weirdness & Mutations

You have very sharp teeth.
Your uncanny sense of smell can sniff out nearby items.
Your experience applies equally to all skills.


Message History

The worm is lightly wounded.
You closely miss the bat. You barely miss the goblin.
The bat hits you but does no damage. The goblin hits you with a +0 dagger.
The bat barely misses you.
You hit the worm but do no damage.
The worm is lightly wounded.
You hit the goblin. You barely miss the bat.
The bat hits you but does no damage. The goblin hits you with a +0 dagger.
The worm bites you.
Unknown command.
You hit the worm but do no damage.
The worm is lightly wounded.
You hit the goblin.
You kill the goblin!
Lugonu accepts your kill. The bat hits you but does no damage.
The worm bites you.
You barely miss the worm. The bat hits you but does no damage.
Unknown command.
You hit the worm.
The worm is lightly wounded.
You barely miss the bat. The bat closely misses you. The bat misses you.
The worm bites you.
* * * LOW HITPOINT WARNING * * *
You hit the worm. You bite the worm, but do no damage.
The worm is moderately wounded.
You barely miss the bat. The bat barely misses you.
A dart slug comes into view.
The worm bites you but does no damage.
Unknown command.
You hit the worm.
The worm is moderately wounded.
You hit the bat. The bat hits you but does no damage.
Unknown command.
You hit the worm.
The worm is severely wounded.
You hit the bat.
You kill the bat!
Lugonu accepts your kill.
You can now depart the Abyss.
The worm bites you!
You die...

..# .. w. ##. # ..
#. ##.# .. # #w.#
.# ....######@# .#
.........).###.#
######.......#.####
#.#####......# #.
#....### #. #...##
.. .....# ..
.......# ...
.........#


You could see a worm and a dart slug.

Vanquished Creatures
  2 dart slugs (D:1)
  A bat (D:2)
  An endoplasm (D:1)
  A giant cockroach (D:1)
  A goblin (D:2)
  3 hobgoblins (D:1)
  A quokka (D:1)
  A frilled lizard (D:1)
11 creatures vanquished.

Notes
Turn   | Place    | Note
-------+----------+-------------------------------------------
     0 | Abyss:1  | Gargoyl the Gnoll Abyssal Knight began the quest for the
                  | Orb.
     0 | Abyss:1  | Reached XP level 1. HP: 23/23 MP: 3/3
     1 | Abyss:1  | Found a corrupted altar of Lugonu.
     9 | Abyss:1  | Found a corrupted altar of Lugonu.
    79 | Abyss:2  | Noticed a rakshasa
    80 | D:1      | Escaped the Abyss
   274 | D:1      | Reached XP level 2. HP: 21/29 MP: 5/5
   625 | D:1      | You fall into a shaft and drop 1 floor!
   648 | D:2      | Reached * piety under Lugonu
   648 | D:2      | Slain by a worm

Illustrated notes

Levels and vault maps discovered:
D:1:      lemuel_arrival_behind_the_door_small, layout_loops_corners,
          ebering_ecumenical_altar_box
D:2:      layout_rooms, minmay_misc_feat_diagonals

Action                   || total
-------------------------++-------
Melee: Hand axe          ||    44
       Bite              ||     2
Invok: Depart the Abyss  ||     1
  Use: Potion            ||     1
Armor: Ring mail         ||    18
Dodge: Dodged            ||    39

Table legend: (Time is in decaauts)
 A = Elapsed time spent in this place.
 B = Non-inter-level travel time spent in this place.
 C = Inter-level travel time spent in this place.
 D = Time resting spent in this place.
 E = Time spent auto-exploring this place.
 F = Levels seen in this place.
 G = Mean time per level.
                   A        B        C        D        E       F      G
               +--------+--------+--------+--------+--------+-----+--------+
         Total |    650 |    650 |      0 |      0 |    476 |   4 |  162.5 |
       Dungeon |    570 |    570 |      0 |      0 |    458 |   2 |  285.0 |
         Abyss |     79 |     79 |      0 |      0 |     18 |   2 |   39.5 |
               +--------+--------+--------+--------+--------+-----+--------+

Top non-repeatable levels by time:
     D:1: 547 daAuts
 Abyss:1: 50 daAuts
 Abyss:2: 29 daAuts
     D:2: 23 daAuts
